 Dungeon Crawl Stone Soup version 0.28.0 (webtiles) character file.

Game seed: 1526918452236842651

1294 Spectrina the Holy Warrior (level 8, -12/58 HPs)
             Began as a Human Monk on Feb 13, 2022.
             Was a Priest of the Shining One.
             Mangled by an ogre (16 damage)
             ... on level 4 of the Dungeon.
             The game lasted 00:31:43 (3481 turns).

Spectrina the Holy Warrior (Human Monk)             Turns: 3481, Time: 00:31:43

Health: -12/58     AC:  8    Str: 15    XL:     8   Next: 86%
Magic:  14/14      EV: 10    Int: 16    God:    the Shining One [***...]
Gold:   222        SH:  0    Dex: 15    Spells: 7/7 levels left

rFire   . . .      SeeInvis .   b - +0 hunting sling
rCold   . . .      Faith    .   (no shield)
rNeg    + + .      Spirit   .   m - +0 scale mail {rN+}
rPois   .          Reflect  .   z - +0 hat
rElec   .          Harm     .   p - +1 cloak
rCorr   .          Rampage  .   (no gloves)
Will    .....                   (no boots)
Stlth   +.........              (no amulet)
HPRegen 0.19/turn               u - +6 ring of intelligence
MPRegen 0.14/turn               (no ring)

@: glowing
A: no striking features
a: Renounce Religion, Divine Shield, Cleansing Flame


You were on level 4 of the Dungeon.
You worshipped the Shining One.
The Shining One was most pleased with you.
You visited 2 branches of the dungeon, and saw 8 of its levels.

You collected 222 gold pieces.

Inventory:

Hand Weapons
 a - the +11 dagger of Moderation {vorpal, Fly rF+ Dex+4}
   (You found it on level 6 of the Dungeon)

   It inflicts extra damage upon your enemies.
   Dex:       It affects your dexterity (+4).
   rF:        It protects you from fire.
   Fly:       It grants you flight.
 b - a +0 hunting sling (weapon)
 i - a +0 mace
 q - a +0 demon blade
 r - a +2 vorpal mace
Missiles
 c - 102 sling bullets (quivered ammo)
 d - 161 stones
 f - 48 bolts
Armour
 j - a +0 robe
 m - a +0 scale mail of positive energy (worn)
 p - a +1 cloak (worn)
 z - a +0 hat (worn)
Jewellery
 u - a +6 ring of intelligence (left hand)
Wands
 l - a wand of flame (11)
Scrolls
 e - a scroll of identify
 g - a scroll of magic mapping {unknown}
 o - 2 scrolls of fear {unknown}
 s - a scroll of immolation {unknown}
 t - a scroll of teleportation
 v - a scroll of blinking {unknown}
 y - a scroll of vulnerability {unknown}
Potions
 h - a potion of mutation {unknown}
 k - a potion of might {unknown}
 n - 4 potions of haste
 w - a potion of berserk rage {unknown}
 x - 2 potions of lignification {unknown}


   Skills:
 - Level 3.0 Fighting
 - Level 5.6 Maces & Flails
 - Level 3.0 Dodging
 - Level 4.2 Stealth
 * Level 8.9 Invocations


You had 7 spell levels left.
You didn't know any spells.
Your spell library contained the following spells:

 Spells                   Type           Power      Damage    Failure   Level
 Ignite Poison            Fire/Tmut/Pois 0%         N/A       97%         3
 Mephitic Cloud           Conj/Pois/Air  0%         N/A       97%         3
 Freezing Cloud           Conj/Ice/Air   0%         6-21      100%        5


Dungeon Overview and Level Annotations

Branches:
Dungeon (7/15)             Temple (1/1) D:4

Altars:
Cheibriados
Dithmenos
Elyvilon
Hepliaklqana
Kikubaaqudgha
Okawaru
Qazlal
Ru
Sif Muna
Uskayaw
Vehumet
Wu Jian
The Shining One

Shops:
D:1 =

Annotations:
D:5 2 transporters, Exaltedone87's ghost, novice DDFi


Message History

The hound skeleton is severely damaged.
The hound skeleton closely misses you. The orc warrior barely misses you.
You hit the hound skeleton.
The hound skeleton is almost destroyed.
The hound skeleton bites you but does no damage.
The orc warrior hits you but does no damage.
You puncture the hound skeleton!
You destroy the hound skeleton!
The Shining One accepts your kill.
You feel better.
The orc warrior hits you with a +0 halberd!
The orc warrior hits you from afar with a +0 halberd!
* * * LOW HITPOINT WARNING * * *
The orc shouts!
Things that are here:
a +0 dagger; a +0 short sword; a +0 dagger
Things that are here:
a +0 leather armour; a +0 hand axe; a sling bullet
Okay, then.
There is a stone staircase leading down here.
The orc warrior hits you from afar with a +0 halberd.
* * * LOW HITPOINT WARNING * * *
You fly downwards.
Level annotation: 2 transporters, Exaltedone87's ghost, novice DDFi
There is a stone staircase leading up here.
There is an escape hatch in the ceiling here.
A mysterious force pulls you upwards. The hatch slams shut behind you.
The ogre shouts!
Okay, then.
As you read the scroll of teleportation, it crumbles to dust.
You feel strangely unstable.
You float gracefully downwards.
b - a +0 hunting sling (weapon)
Fire: 102 sling bullets
Press: ? - help, Q - select action, (/) - cycle Shift-Dir - straight line, f - ogre
Aim: an ogre, wielding a +0 giant spiked club (haloed, 93% to hit)
Okay, then.
Your surroundings seem slightly different.
The ogre hits you with a +0 giant spiked club!
You die...

######### #.§.....# #.......#
####### #.......# #.....#
#.@.....# ###.###.# #..O.)..#
#####...#...# #.......#
......###.#.# #.......######
.####)#...#####.......##...#
.###....##....#.......##...######
^.....#....##.#....>..'.........n
.....###..###.#.......##...######
.⌠..##_##.....#####'####...#


You could see an ogre.

Vanquished Creatures
  A yak (D:6)
  A water moccasin (D:6)
  A necrophage (D:4)
  An ogre (D:6)
  A phantom (D:6)
  3 scorpions
  3 wights (D:6)
  A vampire bat (D:6)
  A gnoll shaman (D:4)
  5 hounds
  A bullfrog zombie (D:6)
  3 iguanas
  An orc wizard (D:7)
  A killer bee zombie (D:6)
  A hound skeleton (D:4)
  2 adders
  A shadow imp (D:6)
  2 ufetubi
  A worm (D:4)
  13 orcs
  3 bat skeletons (D:6)
  3 bat zombies (D:6)
  4 endoplasms
  4 giant cockroaches
  7 hobgoblins
  3 quokkas
  5 ball pythons
  6 bats (D:1)
  3 frilled lizards (D:1)
  8 goblins
  6 kobolds
  5 rats
101 creatures vanquished.

Vanquished Creatures (others)
  A plant (Temple)
  7 toadstools (D:1)
8 creatures vanquished.

Grand Total: 109 creatures vanquished

Notes
Turn   | Place    | Note
-------+----------+-------------------------------------------
     0 | D:1      | Spectrina the Human Monk began the quest for the Orb.
     0 | D:1      | Reached XP level 1. HP: 18/18 MP: 1/1
   194 | D:1      | Reached XP level 2. HP: 13/24 MP: 2/2
   199 | D:1      | Found Kynn's Jewellery Emporium.
   469 | D:2      | Reached XP level 3. HP: 24/29 MP: 3/3
  1186 | D:4      | Reached XP level 4. HP: 15/35 MP: 4/4
  1192 | D:4      | Reached XP level 5. HP: 18/41 MP: 5/5
  1230 | D:4      | Found a glowing golden altar of the Shining One.
  1233 | D:4      | Became a worshipper of the Shining One
  1233 | D:4      | Reached * piety under the Shining One
  1233 | D:4      | Reached ** piety under the Shining One
  1333 | D:5      | Entered Level 5 of the Dungeon
  1347 | D:5      | Reached skill level 1 in Invocations
  1371 | D:4      | Reached XP level 6. HP: 18/47 MP: 5/7
  1408 | D:4      | Noticed a necrophage
  1491 | D:4      | Reached skill level 2 in Invocations
  1539 | D:4      | Noticed an orc warrior
  1609 | D:5      | Found a transporter.
  1611 | D:5      | Noticed Exaltedone87's ghost (novice DDFi)
  1611 | D:5      | Noticed a necrophage
  1615 | D:5      | Found a transporter.
  1772 | D:5      | Reached skill level 5 in Maces & Flails
  1772 | D:5      | Reached skill level 3 in Invocations
  1772 | D:5      | Noticed a necrophage
  2181 | D:6      | Reached XP level 7. HP: 41/52 MP: 9/9
  2202 | D:6      | Noticed a water moccasin
  2214 | D:6      | Killed a water moccasin
  2215 | D:6      | Reached skill level 4 in Invocations
  2240 | D:6      | Found an ancient bone altar of Kikubaaqudgha.
  2275 | D:6      | Identified the +11 dagger of Moderation {vorpal, Fly rF+
                  | Dex+4}
  2300 | D:6      | Noticed a yak
  2314 | D:6      | Killed a yak
  2315 | D:6      | Reached skill level 5 in Invocations
  2376 | D:6      | Reached skill level 6 in Invocations
  2376 | D:6      | Reached XP level 8. HP: 54/58 MP: 12/12
  2401 | D:6      | Reached *** piety under the Shining One
  2444 | D:6      | Reached skill level 7 in Invocations
  2595 | D:6      | Reached skill level 8 in Invocations
  3123 | D:4      | Found a staircase to the Ecumenical Temple.
  3163 | D:4      | The Shining One protects you from harm!
  3171 | Temple   | Entered the Ecumenical Temple
  3470 | D:4      | HP: 1/58 [orc warrior (4)]
  3481 | D:4      | Mangled by an ogre

Illustrated notes

Levels and vault maps discovered:
D:1:      nagdon_arrival_double_spiral, layout_basic, serial_shops,
          nicolae_square_shop
D:2:      layout_basic, ebering_ecumenical_altar_sacrificial, minmay_ruptured
D:3:      layout_basic, doesnt_xom_only_xom, serial_shops, nicolae_shop_stone,
          patterned_corridor
D:4:      minmay_razor_zed, layout_basic, tso_oasis_becter, uniq_pikel
D:5:      minmay_octagon_keep, layout_basic, gammafunk_ghost_mausoleum
D:6:      layout_cave_pods, kennysheep_vampire_church, minmay_microvault
D:7:      layout_loops_corners, fedhas_altar_3, lemuel_round_altar,
          jmf_multi_god_temple
Temple:   minmay_temple_forest_path

Skill      XL: |  1  2  3  4  5  6  7  8 |
---------------+-------------------------+-----
Stealth        | 3 4 |  4.2
Maces & Flails | 4 5 |  5.6
Invocations    | 1 3 6 8 |  8.9
Fighting       | |  3.0
Dodging        | |  3.0

Action                   |  1- 3 |  4- 6 |  7- 9 || total
-------------------------+-------+-------+-------++-------
Melee: Mace              |   125 |    70 |    17 ||   212
       Punch             |     2 |     1 |     2 ||     5
       Dagger            |       |       |    77 ||    77
 Fire: Hunting sling     |       |     4 |    43 ||    47
Throw: Stone             |     5 |    15 |    13 ||    33
  Use: Potion            |     1 |       |       ||     1
       Scroll            |       |     2 |     1 ||     3
 Stab: Sleeping          |     8 |     1 |       ||     9
Armor: Robe              |    25 |     2 |       ||    27
       Scale mail        |       |    15 |    29 ||    44
Dodge: Dodged            |    93 |    46 |    47 ||   186
